Wild vs Jets

Created - March 8 2012 at 18:03

Goals
1 2 3 T
Wild 1 2 0 3
Jets 1 2 2 5
Shots
1 2 3 T
Wild 7 10 5 22
Jets 11 20 10 41

Period #1

1. Jets , Carlo Colaiacovo 1 (Andy McDonald) at 4:29
2. Wild , Milan Michalek 18 (Bobby Ryan) at 18:11

Penalties :
Joni Pitkanen (MIN) for Roughing (Minor) at 5:55, Martin Hanzal (WPG) for Hooking (Minor) at 11:38, Mark Giordano (WPG) for Slashing (Minor) at 16:07

Period #2

3. Wild , Tom Gilbert 7 (Bobby Ryan) at 8:07
4. Jets , Daniel Sedin 37 (Victor Hedman, Alex Goligoski) at 8:55
5. Wild , Bobby Ryan 25 (Tom Gilbert, Michael Ryder) at 9:07
6. Jets , Martin Erat 26 (Martin Hanzal) at 17:28

Penalties :
Colin White (MIN) for Hooking (Minor) at 4:42, Joni Pitkanen (MIN) for Tripping (Minor) at 12:32, Nick Schultz (WPG) for Hooking (Minor) at 19:08, Ryan Getzlaf (MIN) for Tripping (Minor) at 19:53

Period #3

7. Jets , Martin Erat 27 (Andy McDonald, Cam Fowler) at 10:02
8. Jets , Andy McDonald 32 (Tyler Ennis, Carlo Colaiacovo) at 10:15

Penalties :
Joel Ward (MIN) for Hooking (Minor) at 2:25, Colin White (MIN) for Roughing (Minor) at 16:52

Goalie Stats

Miikka Kiprusoff (MIN), 36 saves from 41 shots - (0.878), L, 26-18-5, 60:00 minutes
Ilya Bryzgalov (WPG), 19 saves from 22 shots - (0.864), W, 34-25-7, 60:00 minutes

Players Stats

Wild
Player Name              G  A  P  +/- PIM S  H  SB FO    MP 
------------------------------------------------------------
Alexei Ponikarovsky      0  0  0  -1  0   0  1  0  0/1   17 
Andrew Ebbett            0  0  0  -2  0   1  0  0  2/5   17 
Bobby Ryan               1  2  3   2  0   5  5  0  14/25 22 
Brian Gionta             0  0  0  -2  0   1  0  1  0/1   17 
Colin White              0  0  0  -2  4   0  2  1  0/0   18 
Jeff Woywitka            0  0  0   0  0   1  1  0  0/0   6  
Joel Ward                0  0  0  -2  2   1  0  2  0/0   17 
Jon Sim                  0  0  0   0  0   0  1  0  0/0   6  
Joni Pitkanen            0  0  0  -2  4   1  1  0  0/0   20 
Michael Ryder            0  1  1   2  0   3  1  0  2/2   15 
Michal Rozsival          0  0  0  -2  0   0  3  0  0/0   16 
Milan Michalek           1  0  1   2  0   3  1  0  2/3   15 
Nick Palmieri            0  0  0   0  0   0  0  0  0/0   0  
Radek Martinek           0  0  0  -2  0   0  3  4  0/0   17 
Ruslan Salei             0  0  0   2  0   0  2  1  0/0   21 
Ryan Getzlaf             0  0  0  -2  2   4  1  0  15/30 20 
Saku Koivu               0  0  0  -3  0   1  0  0  13/26 22 
Tom Gilbert              1  1  2   2  0   1  0  2  0/0   21 
Jets
Player Name              G  A  P  +/- PIM S  H  SB FO    MP 
------------------------------------------------------------
Alex Goligoski           0  1  1   1  0   1  3  1  0/0   24 
Andy McDonald            1  2  3   2  0   4  1  1  11/19 16 
Blake Comeau             0  0  0  -1  0   6  3  0  0/1   21 
Cam Fowler               0  1  1   1  0   5  2  0  0/0   22 
Carlo Colaiacovo         1  1  2   1  0   1  0  0  0/0   10 
Clarke MacArthur         0  0  0   0  0   1  1  0  1/2   14 
Dainius Zubrus           0  0  0   1  0   0  0  0  8/21  12 
Daniel Sedin             1  0  1   1  0   8  0  0  0/0   15 
Eric Fehr                0  0  0   0  0   0  0  0  0/0   0  
Erik Cole                0  0  0   1  0   2  3  0  1/2   18 
Henrik Sedin             0  0  0   0  0   2  1  0  11/23 17 
Mark Giordano            0  0  0  -1  2   1  2  2  0/0   18 
Martin Erat              2  0  2   1  0   5  0  0  0/1   21 
Martin Hanzal            0  1  1   0  2   1  1  0  13/23 17 
Nathan Gerbe             0  0  0   0  0   1  2  0  0/1   16 
Nick Schultz             0  0  0   1  2   1  1  1  0/0   19 
Tyler Ennis              0  1  1   1  0   0  0  0  0/0   9  
Victor Hedman            0  1  1   1  0   2  1  1  0/0   24 

3 Stars

1 - Bobby Ryan (MIN)
2 - Andy McDonald (WPG)
3 - Martin Erat (WPG)

Power Play

Wild - 0 on 3 Attempt(s) - 0.00%
Jets - 0 on 6 Attempt(s) - 0.00%

Penalty Kill

Wild - 6 on 6 Attempt(s) - 100.00% - Score 0 goal in Penalty Kill
Jets - 3 on 3 Attempt(s) - 100.00% - Score 0 goal in Penalty Kill

Game Notes

No Game Note

Finance

Level 1 -- Attendance: 4920 (82.00%) -- Ticket Income $442,800.00
Level 2 -- Attendance: 4973 (99.46%) -- Ticket Income $233,731.00
Level 3 -- Attendance: 2200 (100.00%) -- Ticket Income $72,600.00
Level 4 -- Attendance: 1015 (100.00%) -- Ticket Income $23,345.00
Luxury Box -- Attendance: 800 (100.00%) -- Ticket Income $136,000.00
Game was played at the MTS Center
Total Attendance: 13908 (92.63%)
Total Ticket Income: $939,934.60
Other Income: $222,987.90
Total Income: $1,162,923.00


Play by Play

Period #1

0:01 of 1st period - Dainius Zubrus wins face-off versus Ryan Getzlaf in neutral zone.
0:38 of 1st period - Shot by Daniel Sedin.
0:38 of 1st period - Deflect By Erik Cole.
0:38 of 1st period - Shot Misses the Net.
0:42 of 1st period - Shot by Alex Goligoski.
0:42 of 1st period - Shot Hit the Post.
0:56 of 1st period - Shot by Blake Comeau.
0:56 of 1st period - Stopped by Miikka Kiprusoff without a rebound.
0:57 of 1st period - Martin Hanzal wins face-off versus Bobby Ryan in Wild zone.
1:26 of 1st period - Shot by Cam Fowler.
1:26 of 1st period - Stopped by Miikka Kiprusoff without a rebound.
1:27 of 1st period - Henrik Sedin wins face-off versus Saku Koivu in Wild zone.
1:28 of 1st period - Shot by Clarke MacArthur.
1:28 of 1st period - Shot Misses the Net.
1:44 of 1st period - Shot by Clarke MacArthur.
1:44 of 1st period - Shot Misses the Net.
1:48 of 1st period - Shot by Clarke MacArthur.
1:48 of 1st period - Stopped by Miikka Kiprusoff without a rebound.
1:49 of 1st period - Bobby Ryan wins face-off versus Andy McDonald in Wild zone.
3:00 of 1st period - Icing by Joel Ward.
3:01 of 1st period - Saku Koivu wins face-off versus Martin Hanzal in Wild zone.
3:03 of 1st period - Icing by Radek Martinek.
3:04 of 1st period - Martin Hanzal wins face-off versus Saku Koivu in Wild zone.
3:04 of 1st period - Martin Hanzal is hit by Colin White.
3:07 of 1st period - Blake Comeau is hit by Radek Martinek and loses puck.
3:15 of 1st period - Martin Hanzal is hit by Colin White and loses puck.
4:07 of 1st period - Shot by Daniel Sedin.
4:07 of 1st period - Shot Hit the Post.
4:09 of 1st period - Shot by Daniel Sedin.
4:09 of 1st period - Stopped by Miikka Kiprusoff without a rebound.
4:10 of 1st period - Henrik Sedin wins face-off versus Ryan Getzlaf in Wild zone.
4:10 of 1st period - Henrik Sedin is hit by Michal Rozsival.
4:21 of 1st period - Icing by Brian Gionta.
4:22 of 1st period - Andy McDonald wins face-off versus Ryan Getzlaf in Wild zone.
4:29 of 1st period - Shot by Carlo Colaiacovo.
4:29 of 1st period - Goal by Carlo Colaiacovo - Wild : 0 - Jets : 1.
4:30 of 1st period - Bobby Ryan wins face-off versus Henrik Sedin in neutral zone.
4:30 of 1st period - Michael Ryder is hit by Henrik Sedin and loses puck.
4:37 of 1st period - Shot by Michael Ryder.
4:37 of 1st period - Shot Blocked by Mark Giordano.
4:39 of 1st period - Shot by Bobby Ryan.
4:39 of 1st period - Shot Misses the Net.
4:41 of 1st period - Shot by Michael Ryder.
4:41 of 1st period - Shot Blocked by Andy McDonald.
4:43 of 1st period - Shot by Milan Michalek.
4:43 of 1st period - Shot Misses the Net.
4:48 of 1st period - Bobby Ryan is hit by Alex Goligoski and loses puck.
5:10 of 1st period - Ruslan Salei is hit by Clarke MacArthur and loses puck.
5:42 of 1st period - Shot by Martin Hanzal.
5:42 of 1st period - Shot Misses the Net.
5:46 of 1st period - Shot by Martin Erat.
5:46 of 1st period - Stopped by Miikka Kiprusoff without a rebound.
5:47 of 1st period - Erik Cole wins face-off versus Andrew Ebbett in Wild zone.
5:55 of 1st period - Minor Penalty to Joni Pitkanen for Roughing.
5:56 of 1st period - Saku Koivu wins face-off versus Martin Erat in Wild zone.
6:22 of 1st period - Shot by Mark Giordano.
6:22 of 1st period - Stopped by Miikka Kiprusoff without a rebound.
6:23 of 1st period - Ryan Getzlaf wins face-off versus Henrik Sedin in Wild zone.
6:32 of 1st period - Bobby Ryan is hit by Erik Cole.
7:41 of 1st period - Icing by Daniel Sedin.
7:42 of 1st period - Henrik Sedin wins face-off versus Ryan Getzlaf in Jets zone.
7:51 of 1st period - Bobby Ryan is hit by Erik Cole.
8:02 of 1st period - Shot by Andy McDonald.
8:02 of 1st period - Shot Misses the Net.
8:06 of 1st period - Shot by Andy McDonald.
8:06 of 1st period - Shot Misses the Net.
8:11 of 1st period - Icing by Joni Pitkanen.
8:12 of 1st period - Martin Hanzal wins face-off versus Andrew Ebbett in Wild zone.
8:24 of 1st period - Nick Schultz is hit by Jon Sim and loses puck.
8:59 of 1st period - Shot by Joel Ward.
8:59 of 1st period - Stopped by Ilya Bryzgalov without a rebound.
9:00 of 1st period - Bobby Ryan wins face-off versus Dainius Zubrus in Jets zone.
9:13 of 1st period - Shot by Michael Ryder.
9:13 of 1st period - Stopped by Ilya Bryzgalov without a rebound.
9:14 of 1st period - Clarke MacArthur wins face-off versus Saku Koivu in Jets zone.
9:23 of 1st period - Shot by Henrik Sedin.
9:23 of 1st period - Stopped by Miikka Kiprusoff without a rebound.
9:24 of 1st period - Saku Koivu wins face-off versus Andy McDonald in Wild zone.
9:24 of 1st period - Saku Koivu is hit by Nathan Gerbe.
9:34 of 1st period - Shot by Saku Koivu.
9:34 of 1st period - Shot Misses the Net.
10:21 of 1st period - Shot by Bobby Ryan.
10:21 of 1st period - Stopped by Ilya Bryzgalov without a rebound.
10:22 of 1st period - Andrew Ebbett wins face-off versus Henrik Sedin in Jets zone.
11:10 of 1st period - Joni Pitkanen is hit by Nick Schultz and loses puck.
11:38 of 1st period - Minor Penalty to Martin Hanzal for Hooking.
11:39 of 1st period - Dainius Zubrus wins face-off versus Bobby Ryan in Jets zone.
11:56 of 1st period - Shot by Bobby Ryan.
11:56 of 1st period - Shot Misses the Net.
11:58 of 1st period - Shot by Bobby Ryan.
11:58 of 1st period - Shot Misses the Net.
12:00 of 1st period - Shot by Milan Michalek.
12:00 of 1st period - Stopped by Ilya Bryzgalov without a rebound.
12:01 of 1st period - Bobby Ryan wins face-off versus Clarke MacArthur in Jets zone.
12:31 of 1st period - Icing by Bobby Ryan.
12:32 of 1st period - Bobby Ryan wins face-off versus Dainius Zubrus in Wild zone.
13:44 of 1st period - Shot by Martin Erat.
13:44 of 1st period - Shot Hit the Post.
13:52 of 1st period - Shot by Blake Comeau.
13:52 of 1st period - Stopped by Miikka Kiprusoff without a rebound.
13:53 of 1st period - Andy McDonald wins face-off versus Saku Koivu in Wild zone.
14:26 of 1st period - Shot by Andy McDonald.
14:26 of 1st period - Shot Misses the Net.
15:32 of 1st period - Off-side.
15:33 of 1st period - Ryan Getzlaf wins face-off versus Dainius Zubrus in neutral zone.
15:54 of 1st period - Shot by Ryan Getzlaf.
15:54 of 1st period - Shot Misses the Net.
16:07 of 1st period - Minor Penalty to Mark Giordano for Slashing.
16:08 of 1st period - Milan Michalek wins face-off versus Martin Hanzal in Jets zone.
16:19 of 1st period - Shot by Milan Michalek.
16:19 of 1st period - Stopped by Ilya Bryzgalov without a rebound.
16:20 of 1st period - Dainius Zubrus wins face-off versus Bobby Ryan in Jets zone.
16:20 of 1st period - Dainius Zubrus is hit by Bobby Ryan.
17:14 of 1st period - Shot by Brian Gionta.
17:14 of 1st period - Shot Misses the Net.
18:02 of 1st period - Martin Hanzal is hit by Bobby Ryan and loses puck.
18:11 of 1st period - Shot by Milan Michalek.
18:11 of 1st period - Goal by Milan Michalek - Wild : 1 - Jets : 1.
18:12 of 1st period - Andy McDonald wins face-off versus Ryan Getzlaf in neutral zone.
19:03 of 1st period - Cam Fowler is hit by Radek Martinek and loses puck.
19:08 of 1st period - Shot by Martin Erat.
19:08 of 1st period - Stopped by Miikka Kiprusoff with a rebound.
19:10 of 1st period - Shot by Blake Comeau.
19:10 of 1st period - Stopped by Miikka Kiprusoff without a rebound.
19:11 of 1st period - Saku Koivu wins face-off versus Henrik Sedin in Wild zone.
19:34 of 1st period - Shot by Saku Koivu.
19:34 of 1st period - Deflect By Alexei Ponikarovsky.
19:34 of 1st period - Shot Misses the Net.
19:36 of 1st period - Shot by Saku Koivu.
19:36 of 1st period - Stopped by Ilya Bryzgalov without a rebound.
19:37 of 1st period - Dainius Zubrus wins face-off versus Brian Gionta in Jets zone.
19:43 of 1st period - Erik Cole is hit by Ruslan Salei and loses puck.

Period #2

0:01 of 2nd period - Ryan Getzlaf wins face-off versus Dainius Zubrus in neutral zone.
0:04 of 2nd period - Daniel Sedin is hit by Ryan Getzlaf and loses puck.
0:25 of 2nd period - Shot by Daniel Sedin.
0:25 of 2nd period - Stopped by Miikka Kiprusoff without a rebound.
0:26 of 2nd period - Bobby Ryan wins face-off versus Martin Hanzal in Wild zone.
1:03 of 2nd period - Icing by Cam Fowler.
1:04 of 2nd period - Saku Koivu wins face-off versus Martin Hanzal in Jets zone.
1:07 of 2nd period - Shot by Saku Koivu.
1:07 of 2nd period - Shot Misses the Net.
1:51 of 2nd period - Shot by Erik Cole.
1:51 of 2nd period - Shot Misses the Net.
1:53 of 2nd period - Shot by Erik Cole.
1:53 of 2nd period - Shot Blocked by Radek Martinek.
1:55 of 2nd period - Shot by Daniel Sedin.
1:55 of 2nd period - Shot Blocked by Radek Martinek.
1:59 of 2nd period - Shot by Erik Cole.
1:59 of 2nd period - Deflect By Daniel Sedin.
1:59 of 2nd period - Shot Blocked by Radek Martinek.
2:01 of 2nd period - Shot by Erik Cole.
2:01 of 2nd period - Stopped by Miikka Kiprusoff without a rebound.
2:02 of 2nd period - Henrik Sedin wins face-off versus Ryan Getzlaf in Wild zone.
2:06 of 2nd period - Icing by Brian Gionta.
2:07 of 2nd period - Andy McDonald wins face-off versus Ryan Getzlaf in Wild zone.
2:19 of 2nd period - Icing by Andy McDonald.
2:20 of 2nd period - Andy McDonald wins face-off versus Bobby Ryan in Jets zone.
2:29 of 2nd period - Shot by Andy McDonald.
2:29 of 2nd period - Deflect By Tyler Ennis.
2:29 of 2nd period - Shot Blocked by Ruslan Salei.
2:43 of 2nd period - Shot by Bobby Ryan.
2:43 of 2nd period - Stopped by Ilya Bryzgalov without a rebound.
2:44 of 2nd period - Martin Hanzal wins face-off versus Ryan Getzlaf in Jets zone.
2:48 of 2nd period - Icing by Blake Comeau.
2:49 of 2nd period - Martin Hanzal wins face-off versus Andrew Ebbett in Jets zone.
3:10 of 2nd period - Shot by Ryan Getzlaf.
3:10 of 2nd period - Stopped by Ilya Bryzgalov with a rebound.
3:14 of 2nd period - Shot by Joni Pitkanen.
3:14 of 2nd period - Shot Misses the Net.
3:19 of 2nd period - Icing by Nick Schultz.
3:20 of 2nd period - Bobby Ryan wins face-off versus Martin Hanzal in Jets zone.
3:27 of 2nd period - Shot by Bobby Ryan.
3:27 of 2nd period - Stopped by Ilya Bryzgalov without a rebound.
3:28 of 2nd period - Saku Koivu wins face-off versus Henrik Sedin in Jets zone.
3:50 of 2nd period - Icing by Mark Giordano.
3:51 of 2nd period - Henrik Sedin wins face-off versus Bobby Ryan in Jets zone.
3:51 of 2nd period - Henrik Sedin is hit by Bobby Ryan.
4:04 of 2nd period - Icing by Tom Gilbert.
4:05 of 2nd period - Bobby Ryan wins face-off versus Martin Hanzal in Wild zone.
4:11 of 2nd period - Icing by Cam Fowler.
4:12 of 2nd period - Martin Hanzal wins face-off versus Ryan Getzlaf in Jets zone.
4:17 of 2nd period - Shot by Cam Fowler.
4:17 of 2nd period - Stopped by Miikka Kiprusoff without a rebound.
4:18 of 2nd period - Saku Koivu wins face-off versus Dainius Zubrus in Wild zone.
4:35 of 2nd period - Shot by Saku Koivu.
4:35 of 2nd period - Shot Misses the Net.
4:41 of 2nd period - Shot by Erik Cole.
4:41 of 2nd period - Shot Blocked by Colin White.
4:42 of 2nd period - Minor Penalty to Colin White for Hooking.
4:43 of 2nd period - Ryan Getzlaf wins face-off versus Andy McDonald in Wild zone.
4:54 of 2nd period - Shot by Mark Giordano.
4:54 of 2nd period - Shot Misses the Net.
4:56 of 2nd period - Shot by Andy McDonald.
4:56 of 2nd period - Stopped by Miikka Kiprusoff without a rebound.
4:57 of 2nd period - Andy McDonald wins face-off versus Saku Koivu in Wild zone.
4:58 of 2nd period - Shot by Martin Erat.
4:58 of 2nd period - Shot Blocked by Tom Gilbert.
5:00 of 2nd period - Shot by Andy McDonald.
5:00 of 2nd period - Stopped by Miikka Kiprusoff with a rebound.
5:02 of 2nd period - Shot by Andy McDonald.
5:02 of 2nd period - Deflect By Blake Comeau.
5:02 of 2nd period - Stopped by Miikka Kiprusoff without a rebound.
5:03 of 2nd period - Henrik Sedin wins face-off versus Ryan Getzlaf in Wild zone.
5:08 of 2nd period - Shot by Daniel Sedin.
5:08 of 2nd period - Stopped by Miikka Kiprusoff without a rebound.
5:09 of 2nd period - Andy McDonald wins face-off versus Saku Koivu in Wild zone.
5:26 of 2nd period - Shot by Andy McDonald.
5:26 of 2nd period - Shot Misses the Net.
6:48 of 2nd period - Joni Pitkanen is hit by Nathan Gerbe and loses puck.
7:14 of 2nd period - Andy McDonald is hit by Jeff Woywitka.
7:58 of 2nd period - Icing by Mark Giordano.
7:59 of 2nd period - Martin Hanzal wins face-off versus Bobby Ryan in Jets zone.
8:05 of 2nd period - Shot by Bobby Ryan.
8:05 of 2nd period - Shot Blocked by Mark Giordano.
8:07 of 2nd period - Shot by Tom Gilbert.
8:07 of 2nd period - Goal by Tom Gilbert - Wild : 2 - Jets : 1.
8:08 of 2nd period - Michael Ryder wins face-off versus Dainius Zubrus in neutral zone.
8:15 of 2nd period - Shot by Erik Cole.
8:15 of 2nd period - Deflect By Daniel Sedin.
8:15 of 2nd period - Stopped by Miikka Kiprusoff without a rebound.
8:16 of 2nd period - Dainius Zubrus wins face-off versus Saku Koivu in Wild zone.
8:25 of 2nd period - Shot by Erik Cole.
8:25 of 2nd period - Shot Hit the Post.
8:27 of 2nd period - Shot by Dainius Zubrus.
8:27 of 2nd period - Shot Blocked by Joel Ward.
8:29 of 2nd period - Shot by Alex Goligoski.
8:29 of 2nd period - Shot Blocked by Joel Ward.
8:31 of 2nd period - Shot by Erik Cole.
8:31 of 2nd period - Shot Misses the Net.
8:49 of 2nd period - Shot by Daniel Sedin.
8:49 of 2nd period - Shot Blocked by Radek Martinek.
8:53 of 2nd period - Shot by Daniel Sedin.
8:53 of 2nd period - Shot Misses the Net.
8:55 of 2nd period - Shot by Daniel Sedin.
8:55 of 2nd period - Goal by Daniel Sedin - Wild : 2 - Jets : 2.
8:56 of 2nd period - Bobby Ryan wins face-off versus Martin Hanzal in neutral zone.
9:03 of 2nd period - Shot by Bobby Ryan.
9:03 of 2nd period - Shot Misses the Net.
9:07 of 2nd period - Shot by Bobby Ryan.
9:07 of 2nd period - Goal by Bobby Ryan - Wild : 3 - Jets : 2.
9:08 of 2nd period - Henrik Sedin wins face-off versus Ryan Getzlaf in neutral zone.
9:29 of 2nd period - Shot by Henrik Sedin.
9:29 of 2nd period - Shot Misses the Net.
10:20 of 2nd period - Shot by Martin Erat.
10:20 of 2nd period - Stopped by Miikka Kiprusoff without a rebound.
10:21 of 2nd period - Andy McDonald wins face-off versus Bobby Ryan in Wild zone.
10:51 of 2nd period - Shot by Tyler Ennis.
10:51 of 2nd period - Shot Misses the Net.
10:55 of 2nd period - Shot by Andy McDonald.
10:55 of 2nd period - Shot Blocked by Tom Gilbert.
10:57 of 2nd period - Shot by Victor Hedman.
10:57 of 2nd period - Stopped by Miikka Kiprusoff without a rebound.
10:58 of 2nd period - Saku Koivu wins face-off versus Martin Hanzal in Wild zone.
11:33 of 2nd period - Shot by Blake Comeau.
11:33 of 2nd period - Stopped by Miikka Kiprusoff with a rebound.
12:02 of 2nd period - Shot by Daniel Sedin.
12:02 of 2nd period - Stopped by Miikka Kiprusoff without a rebound.
12:03 of 2nd period - Michael Ryder wins face-off versus Henrik Sedin in Wild zone.
12:09 of 2nd period - Icing by Ruslan Salei.
12:10 of 2nd period - Andy McDonald wins face-off versus Bobby Ryan in Wild zone.
12:21 of 2nd period - Shot by Michael Ryder.
12:21 of 2nd period - Shot Misses the Net.
12:23 of 2nd period - Shot by Bobby Ryan.
12:23 of 2nd period - Stopped by Ilya Bryzgalov without a rebound.
12:24 of 2nd period - Ryan Getzlaf wins face-off versus Dainius Zubrus in Jets zone.
12:31 of 2nd period - Shot by Daniel Sedin.
12:31 of 2nd period - Shot Misses the Net.
12:32 of 2nd period - Minor Penalty to Joni Pitkanen for Tripping.
12:33 of 2nd period - Ryan Getzlaf wins face-off versus Andy McDonald in Wild zone.
12:33 of 2nd period - Michal Rozsival is hit by Blake Comeau and loses puck.
12:52 of 2nd period - Shot by Cam Fowler.
12:52 of 2nd period - Stopped by Miikka Kiprusoff without a rebound.
12:53 of 2nd period - Henrik Sedin wins face-off versus Saku Koivu in Wild zone.
12:56 of 2nd period - Shot by Alex Goligoski.
12:56 of 2nd period - Shot Blocked by Brian Gionta.
12:58 of 2nd period - Shot by Daniel Sedin.
12:58 of 2nd period - Deflect By Erik Cole.
12:58 of 2nd period - Stopped by Miikka Kiprusoff without a rebound.
12:59 of 2nd period - Henrik Sedin wins face-off versus Ryan Getzlaf in Wild zone.
14:51 of 2nd period - Shot by Jeff Woywitka.
14:51 of 2nd period - Stopped by Ilya Bryzgalov without a rebound.
14:52 of 2nd period - Bobby Ryan wins face-off versus Dainius Zubrus in Jets zone.
14:52 of 2nd period - Joel Ward is hit by Alex Goligoski and loses puck.
16:05 of 2nd period - Shot by Ryan Getzlaf.
16:05 of 2nd period - Shot Misses the Net.
16:07 of 2nd period - Shot by Andrew Ebbett.
16:07 of 2nd period - Stopped by Ilya Bryzgalov without a rebound.
16:08 of 2nd period - Milan Michalek wins face-off versus Henrik Sedin in Jets zone.
16:41 of 2nd period - Shot by Henrik Sedin.
16:41 of 2nd period - Shot Misses the Net.
16:46 of 2nd period - Shot by Alex Goligoski.
16:46 of 2nd period - Stopped by Miikka Kiprusoff with a rebound.
17:18 of 2nd period - Shot by Andy McDonald.
17:18 of 2nd period - Stopped by Miikka Kiprusoff with a rebound.
17:20 of 2nd period - Shot by Victor Hedman.
17:20 of 2nd period - Stopped by Miikka Kiprusoff without a rebound.
17:21 of 2nd period - Martin Hanzal wins face-off versus Saku Koivu in Wild zone.
17:22 of 2nd period - Shot by Martin Erat.
17:22 of 2nd period - Shot Misses the Net.
17:24 of 2nd period - Shot by Martin Erat.
17:24 of 2nd period - Shot Misses the Net.
17:28 of 2nd period - Shot by Martin Erat.
17:28 of 2nd period - Goal by Martin Erat - Wild : 3 - Jets : 3.
17:29 of 2nd period - Ryan Getzlaf wins face-off versus Martin Hanzal in neutral zone.
17:33 of 2nd period - Brian Gionta is hit by Cam Fowler.
17:35 of 2nd period - Shot by Ryan Getzlaf.
17:35 of 2nd period - Stopped by Ilya Bryzgalov without a rebound.
17:36 of 2nd period - Saku Koivu wins face-off versus Henrik Sedin in Jets zone.
18:30 of 2nd period - Shot by Nick Schultz.
18:30 of 2nd period - Stopped by Miikka Kiprusoff without a rebound.
18:31 of 2nd period - Andy McDonald wins face-off versus Ryan Getzlaf in Wild zone.
18:38 of 2nd period - Icing by Ryan Getzlaf.
18:39 of 2nd period - Ryan Getzlaf wins face-off versus Martin Hanzal in Wild zone.
18:41 of 2nd period - Icing by Joni Pitkanen.
18:42 of 2nd period - Martin Hanzal wins face-off versus Ryan Getzlaf in Wild zone.
18:42 of 2nd period - Martin Erat is hit by Michal Rozsival and loses puck.
19:08 of 2nd period - Minor Penalty to Nick Schultz for Hooking.
19:09 of 2nd period - Bobby Ryan wins face-off versus Dainius Zubrus in Jets zone.
19:10 of 2nd period - Shot by Michael Ryder.
19:10 of 2nd period - Stopped by Ilya Bryzgalov without a rebound.
19:11 of 2nd period - Dainius Zubrus wins face-off versus Bobby Ryan in Jets zone.
19:11 of 2nd period - Dainius Zubrus is hit by Michael Ryder.
19:53 of 2nd period - Minor Penalty to Ryan Getzlaf for Tripping.
19:54 of 2nd period - Andy McDonald wins face-off versus Saku Koivu in Wild zone.

Period #3

0:01 of 3rd period - Saku Koivu wins face-off versus Henrik Sedin in neutral zone.
0:19 of 3rd period - Bobby Ryan is hit by Victor Hedman.
1:11 of 3rd period - Shot by Cam Fowler.
1:11 of 3rd period - Stopped by Miikka Kiprusoff with a rebound.
1:42 of 3rd period - Shot by Martin Erat.
1:42 of 3rd period - Deflect By Andy McDonald.
1:42 of 3rd period - Shot Misses the Net.
1:46 of 3rd period - Shot by Cam Fowler.
1:46 of 3rd period - Stopped by Miikka Kiprusoff with a rebound.
2:25 of 3rd period - Minor Penalty to Joel Ward for Hooking.
2:26 of 3rd period - Ryan Getzlaf wins face-off versus Andy McDonald in Wild zone.
2:32 of 3rd period - Icing by Blake Comeau.
2:33 of 3rd period - Ryan Getzlaf wins face-off versus Andy McDonald in Jets zone.
2:33 of 3rd period - Joni Pitkanen is hit by Mark Giordano and loses puck.
4:28 of 3rd period - Tyler Ennis is hit by Radek Martinek and loses puck.
4:35 of 3rd period - Alexei Ponikarovsky is hit by Andy McDonald and loses puck.
5:23 of 3rd period - Icing by Tom Gilbert.
5:24 of 3rd period - Bobby Ryan wins face-off versus Blake Comeau in Wild zone.
5:24 of 3rd period - Bobby Ryan is hit by Blake Comeau.
5:35 of 3rd period - Bobby Ryan is hit by Cam Fowler and loses puck.
5:53 of 3rd period - Blake Comeau is hit by Joni Pitkanen and loses puck.
6:32 of 3rd period - Icing by Henrik Sedin.
6:33 of 3rd period - Saku Koivu wins face-off versus Henrik Sedin in Jets zone.
6:34 of 3rd period - Shot by Joel Ward.
6:34 of 3rd period - Shot Blocked by Alex Goligoski.
6:59 of 3rd period - Saku Koivu is hit by Mark Giordano.
7:41 of 3rd period - Daniel Sedin is hit by Ruslan Salei.
8:06 of 3rd period - Shot by Brian Gionta.
8:06 of 3rd period - Stopped by Ilya Bryzgalov with a rebound.
9:02 of 3rd period - Shot by Nathan Gerbe.
9:02 of 3rd period - Stopped by Miikka Kiprusoff with a rebound.
9:08 of 3rd period - Shot by Henrik Sedin.
9:08 of 3rd period - Stopped by Miikka Kiprusoff without a rebound.
9:09 of 3rd period - Bobby Ryan wins face-off versus Henrik Sedin in Wild zone.
9:49 of 3rd period - Nick Schultz is hit by Bobby Ryan and loses puck.
10:02 of 3rd period - Shot by Martin Erat.
10:02 of 3rd period - Goal by Martin Erat - Wild : 3 - Jets : 4.
10:03 of 3rd period - Ryan Getzlaf wins face-off versus Andy McDonald in neutral zone.
10:15 of 3rd period - Shot by Andy McDonald.
10:15 of 3rd period - Goal by Andy McDonald - Wild : 3 - Jets : 5.
10:16 of 3rd period - Saku Koivu wins face-off versus Henrik Sedin in neutral zone.
10:21 of 3rd period - Alex Goligoski is hit by Alexei Ponikarovsky.
11:01 of 3rd period - Icing by Colin White.
11:02 of 3rd period - Saku Koivu wins face-off versus Nathan Gerbe in Wild zone.
11:39 of 3rd period - Andy McDonald is hit by Michal Rozsival and loses puck.
11:46 of 3rd period - Shot by Joni Pitkanen.
11:46 of 3rd period - Stopped by Ilya Bryzgalov without a rebound.
11:47 of 3rd period - Martin Hanzal wins face-off versus Bobby Ryan in Jets zone.
12:00 of 3rd period - Shot by Martin Hanzal.
12:00 of 3rd period - Stopped by Miikka Kiprusoff without a rebound.
12:01 of 3rd period - Andrew Ebbett wins face-off versus Erik Cole in Wild zone.
12:01 of 3rd period - Andrew Ebbett is hit by Erik Cole.
12:11 of 3rd period - Shot by Ryan Getzlaf.
12:11 of 3rd period - Stopped by Ilya Bryzgalov without a rebound.
12:12 of 3rd period - Martin Hanzal wins face-off versus Bobby Ryan in Jets zone.
12:12 of 3rd period - Martin Hanzal is hit by Bobby Ryan.
12:28 of 3rd period - Shot by Blake Comeau.
12:28 of 3rd period - Stopped by Miikka Kiprusoff with a rebound.
13:17 of 3rd period - Icing by Mark Giordano.
13:18 of 3rd period - Henrik Sedin wins face-off versus Saku Koivu in Jets zone.
13:55 of 3rd period - Icing by Radek Martinek.
13:56 of 3rd period - Dainius Zubrus wins face-off versus Saku Koivu in Wild zone.
14:01 of 3rd period - Shot by Daniel Sedin.
14:01 of 3rd period - Stopped by Miikka Kiprusoff without a rebound.
14:02 of 3rd period - Ryan Getzlaf wins face-off versus Dainius Zubrus in Wild zone.
14:04 of 3rd period - Icing by Joni Pitkanen.
14:05 of 3rd period - Ryan Getzlaf wins face-off versus Dainius Zubrus in Wild zone.
14:33 of 3rd period - Shot by Brian Gionta.
14:33 of 3rd period - Deflect By Ryan Getzlaf.
14:33 of 3rd period - Shot Misses the Net.
14:35 of 3rd period - Shot by Ryan Getzlaf.
14:35 of 3rd period - Shot Blocked by Victor Hedman.
14:40 of 3rd period - Icing by Victor Hedman.
14:41 of 3rd period - Dainius Zubrus wins face-off versus Milan Michalek in Jets zone.
14:41 of 3rd period - Dainius Zubrus is hit by Milan Michalek.
15:16 of 3rd period - Shot by Bobby Ryan.
15:16 of 3rd period - Shot Misses the Net.
15:18 of 3rd period - Shot by Michael Ryder.
15:18 of 3rd period - Shot Blocked by Nick Schultz.
15:20 of 3rd period - Shot by Michael Ryder.
15:20 of 3rd period - Stopped by Ilya Bryzgalov without a rebound.
15:21 of 3rd period - Martin Hanzal wins face-off versus Ryan Getzlaf in Jets zone.
16:00 of 3rd period - Icing by Nick Schultz.
16:01 of 3rd period - Martin Hanzal wins face-off versus Alexei Ponikarovsky in Jets zone.
16:41 of 3rd period - Shot by Alex Goligoski.
16:41 of 3rd period - Shot Misses the Net.
16:52 of 3rd period - Minor Penalty to Colin White for Roughing.
16:53 of 3rd period - Ryan Getzlaf wins face-off versus Andy McDonald in Wild zone.
16:53 of 3rd period - Ryan Getzlaf is hit by Blake Comeau.
17:49 of 3rd period - Shot by Daniel Sedin.
17:49 of 3rd period - Stopped by Miikka Kiprusoff without a rebound.
17:50 of 3rd period - Henrik Sedin wins face-off versus Saku Koivu in Wild zone.
19:06 of 3rd period - Tom Gilbert is hit by Martin Hanzal and loses puck.
19:41 of 3rd period - Off-side.
19:42 of 3rd period - Ryan Getzlaf wins face-off versus Dainius Zubrus in neutral zone.
19:49 of 3rd period - Shot by Alexei Ponikarovsky.
19:49 of 3rd period - Deflect By Ryan Getzlaf.
19:49 of 3rd period - Stopped by Ilya Bryzgalov without a rebound.
19:50 of 3rd period - Bobby Ryan wins face-off versus Dainius Zubrus in Jets zone.
19:52 of 3rd period - Michael Ryder is hit by Alex Goligoski and loses puck.


Output by the SimonT Hockey Simulator (STHS) for Stephane Roy -- Original Page W3C XHTML 1.0 Valid